 Dungeon Crawl Stone Soup version 0.29.0-5-ge4962eb29e (webtiles) character file.

Game seed: 14885152812600986664

111 greasedhog the Gusty (level 4, -2/27 HPs)
             Began as a Tengu Wanderer on Aug 28, 2022.
             Slain by an orc warrior
             ... wielding a +0 battleaxe
              (19 damage)
             ... on level 3 of the Dungeon.
             The game lasted 00:06:17 (3937 turns).

greasedhog the Gusty (Tengu Wanderer)               Turns: 3937, Time: 00:06:17

Health: -2/27      AC:  5    Str: 16    XL:     4   Next: 92%
Magic:  3/11       EV: 11    Int: 12    God:
Gold:   165        SH:  0    Dex: 12    Spells: 7/11 levels left

rFire   . . .      SeeInvis .   d - staff of conjuration
rCold   . . .      Faith    .   (no shield)
rNeg    . . .      Spirit   .   g - +0 robe
rPois   .          Reflect  .   h - +1 hat
rElec   .          Harm     .   (no cloak)
rCorr   .          Rampage  .   f - +1 pair of gloves
Will    .....                   (boots unavailable)
Stlth   ++........              (no amulet)
HPRegen 0.09/turn               (no ring)
MPRegen 0.12/turn               (no ring)

@: no status effects
A: beak, talons 3
a: no special abilities


You were on level 3 of the Dungeon.
You visited 1 branch of the dungeon, and saw 4 of its levels.

You collected 165 gold pieces.

Inventory:

Armour
 f - a +1 pair of gloves (worn)
 g - a +0 robe (worn)
 h - a +1 hat (worn)
Magical Staves
 d - a staff of conjuration (weapon)
Jewellery
 n - a +6 ring of dexterity
Scrolls
 b - 2 scrolls of butterflies
 c - a scroll of blinking
 e - a scroll of enchant armour
 j - a scroll of amnesia {unknown}
 l - a scroll of identify
 m - a scroll of noise {unknown}
 p - a scroll of vulnerability {unknown}
Potions
 a - 2 potions of curing
 i - 2 potions of degeneration {unknown}
 o - 2 potions of mutation {unknown}


   Skills:
 * Level 2.7 Fighting
 - Level 3.3 Armour
 - Level 1.1 Stealth
 - Level 4.0 Spellcasting
 * Level 4.9 Air Magic


You had 7 spell levels left.
You knew the following spells:

 Your Spells              Type           Power      Damage    Failure   Level
a - Shock                 Conj/Air       48%        1d6       9%          1
b - Swiftness             Air            14%        N/A       9%          3

Your spell library contained the following spells:

 Spells                   Type           Power      Damage    Failure   Level
 Passwall                 Tmut/Erth      1%         N/A       32%         2
 Wereblood                Tmut           2%         N/A       32%         2
 Mephitic Cloud           Conj/Pois/Air  9%         N/A       34%         3


Dungeon Overview and Level Annotations

Branches:
Dungeon (4/15)
 Temple: D:4-7

Altars:

Shops:
D:3 (


Innate Abilities, Weirdness & Mutations

You have a beak for a mouth.
You have claws for feet.


Message History

Press: ? - help, Shift-Dir - straight line, f/p - orc warrior
Aim: an orc warrior, wielding a +0 battleaxe and wearing a +0 chain mail (heavily wounded, 64% to hit)
You feel a surge of power!
The zap hits the orc warrior.
The orc warrior is severely wounded.
Unknown command.
Casting: Shock (safe; 9% risk of failure)
Confirm with . or Enter, or press ? or * to list all spells.
Aiming: Shock (safe; 9% risk of failure)
Press: ? - help, Shift-Dir - straight line, f/p - orc warrior
Aim: an orc warrior, wielding a +0 battleaxe and wearing a +0 chain mail (severely wounded, 64% to hit)
You feel a surge of power!
The zap misses the orc warrior.
Unknown command.
Casting: Shock (safe; 9% risk of failure)
Confirm with . or Enter, or press ? or * to list all spells.
Aiming: Shock (safe; 9% risk of failure)
Press: ? - help, Shift-Dir - straight line, f/p - orc warrior
Aim: an orc warrior, wielding a +0 battleaxe and wearing a +0 chain mail (severely wounded, 64% to hit)
You feel a surge of power!
The zap hits the orc warrior but does no damage.
The orc warrior is severely wounded.
The zap hits the orc warrior but does no damage.
The orc warrior is severely wounded.
Casting: Shock (safe; 9% risk of failure)
Confirm with . or Enter, or press ? or * to list all spells.
Aiming: Shock (safe; 9% risk of failure)
Press: ? - help, Shift-Dir - straight line, f/p - orc warrior
Aim: an orc warrior, wielding a +0 battleaxe and wearing a +0 chain mail (severely wounded, 64% to hit)
You feel a surge of power!
The zap misses the orc warrior.
Unknown command.
You feel better. The orc warrior completely misses you.
Casting: Shock (safe; 9% risk of failure)
Confirm with . or Enter, or press ? or * to list all spells.
Aiming: Shock (safe; 9% risk of failure)
Press: ? - help, Shift-Dir - straight line, f/p - orc warrior
Aim: an orc warrior, wielding a +0 battleaxe and wearing a +0 chain mail (severely wounded, 64% to hit)
You feel a surge of power!
The zap hits the orc warrior.
The orc warrior is severely wounded.
The orc warrior hits you with a +0 battleaxe!!
Ouch! That really hurt!
You die...

########### #.# #.#
..........############### #.# #.#
.†.....................>###.# #.#
#########....######.......#.###.#
####...# #.......#......
##########.# #.......#####.#
#.....# #.# #####.### #.# #.....#
#.#### #.#######.# #.[...# #..@.#
#......##.. # #.....# ####o##
#..###.#### # #.....# #..####..#
#.# # #.....# ######...##..# #.#
#.....# #............# #.#
#####.....# #.######.##..# #)#
)..##.....# #.# #.##.o# #.####
##.##.....###.# #.##..# #.....
(.........'.#.# #.##..# ######


You could see an orc warrior.

Vanquished Creatures
  4 adders (D:2)
  A worm (D:2)
  3 dart slugs
  2 orcs
  4 ball pythons
  5 bats
  3 endoplasms
  5 giant cockroaches
  8 goblins
  7 hobgoblins
  4 jackals
  10 frilled lizards
  5 kobolds
  2 rats
63 creatures vanquished.

Notes
Turn   | Place    | Note
-------+----------+-------------------------------------------
     0 | D:1      | greasedhog the Tengu Wanderer began the quest for the Orb.
     0 | D:1      | greasedhog set off with the following items: a +0 club, a
                  | scroll of butterflies, a +0 scale mail; and the following
                  | spell memorised: Shock; and the following spells available
                  | to memorise: Swiftness, Passwall, Wereblood, Mephitic
                  | Cloud.
     0 | D:1      | Reached XP level 1. HP: 10/10 MP: 6/6
   255 | D:1      | Reached XP level 2. HP: 16/16 MP: 1/8
   613 | D:1      | Reached skill level 1 in Fighting
   877 | D:1      | Found a faded altar of an unknown god.
   993 | D:1      | Reached XP level 3. HP: 20/20 MP: 7/9
  1543 | D:2      | Reached XP level 4. HP: 14/26 MP: 0/11
  1721 | D:2      | Learned a level 3 spell: Swiftness
  3243 | D:3      | Found Heran's Antique Weapon Shoppe.
  3889 | D:4      | Noticed an orc warrior
  3937 | D:3      | Slain by an orc warrior

Illustrated notes

Levels and vault maps discovered:
D:1:      lightli_arrival_farm, layout_rooms,
          hellmonk_ecumenical_altar_inner_sanctum
D:2:      layout_loops_ring, minmay_fractal_squares_5
D:3:      layout_basic, serial_shops, shop
D:4:      layout_gridville, minmay_three_crescents

Skill      XL: |  1  2  3 |
---------------+----------+-----
Air Magic      | 3 4 |  4.9
Fighting       | 1 2 |  2.7
Armour         | |  3.3
Stealth        | |  1.1
Spellcasting   | |  4.0

Action                   |  1- 3 |  4- 6 || total
-------------------------+-------+-------++-------
Melee: Club              |     4 |       ||     4
       Peck              |     3 |     4 ||     7
       Kick              |     2 |     2 ||     4
       Staff             |    12 |    10 ||    22
 Cast: Shock             |    79 |    89 ||   168
  Use: Potion            |     1 |     1 ||     2
       Scroll            |       |     3 ||     3
Armor: Robe              |     3 |     5 ||     8
Dodge: Dodged            |    20 |    13 ||    33
